 Dungeon Crawl Stone Soup version 0.29-a0-541-gaf1fc19f1b (webtiles) character file.

Game seed: 2176285730844273726

4020 Charly the Fighter (level 10, 16/99 (100) HPs)
             Began as a Meteoran Wanderer on June 2, 2022.
             Was a Believer of Makhleb.
             Quit the game on level 9 of the Dungeon.
             The game lasted 01:04:14 (3236 turns).

Charly the Fighter (Meteoran Wanderer)              Turns: 3236, Time: 01:04:15

HP:   16/99 (100)   AC:  9    Str: 15    XL:     10   Next: 75%
MP:   4/17          EV: 10    Int: 14    God:    Makhleb [**....]
Gold: 334           SH:  0    Dex: 17    Spells: 12/14 levels left

rFire   . . .      SeeInvis .   a - +2 spear
rCold   . . .      Faith    .   (no shield)
rNeg    . . .      Spirit   +   s - +3 ring mail "Buniupel" {rElec}
rPois   .          Reflect  .   (no helmet)
rElec   +          Harm     .   (no cloak)
rCorr   .          Rampage  .   F - +0 pair of gloves
Will    +....                   (no boots)
Stlth   +.........              g - amulet of guardian spirit
HPRegen 0.26/turn               p - ring of flight
MPRegen 0.15/turn               (no ring)

@: lethally poisoned (16 -> -8), flying, slowed, glowing, lightly drained, very
slow
A: sense surroundings 2, otherworldly, glowing, explore regen
a: Renounce Religion, Minor Destruction


You were on level 9 of the Dungeon.
You worshipped Makhleb.
Makhleb was pleased with you.
You visited 2 branches of the dungeon, and saw 10 of its levels.

You collected 334 gold pieces.

Inventory:

Hand Weapons
 a - a +2 spear (weapon)
 c - a +2 vorpal flail
Armour
 f - a +1 ring mail of willpower
 s - the +3 ring mail "Buniupel" (worn) {rElec}
   (You found it on level 8 of the Dungeon)

   rElec:     It insulates you from electricity.
 x - a +0 leather armour of fire resistance
 D - a +1 chain mail of cold resistance
 F - a +0 pair of gloves (worn)
Jewellery
 g - an amulet of guardian spirit (around neck)
 p - a ring of flight (left hand)
Scrolls
 j - a scroll of teleportation
 k - 2 scrolls of fog
 l - a scroll of brand weapon {unknown}
 n - a scroll of amnesia {unknown}
 o - a scroll of blinking {unknown}
 q - a scroll of noise {unknown}
 u - 3 scrolls of immolation {unknown}
 y - 2 scrolls of poison {unknown}
 C - a scroll of magic mapping {unknown}
 E - a scroll of torment {unknown}
Potions
 b - a potion of ambrosia {unknown}
 d - a potion of resistance {unknown}
 e - a potion of heal wounds
 h - 2 potions of attraction
 i - a potion of might
 m - a potion of magic
 v - a potion of mutation {unknown}
 z - 2 potions of brilliance {unknown}
 A - a potion of cancellation {unknown}
 B - a potion of degeneration {unknown}


   Skills:
 + Level 12.7 Fighting
 - Level 4.0 Polearms
 - Level 2.1(2.3) Slings
 - Level 1.2(2.0) Throwing
 - Level 1.2 Armour
 + Level 0.4 Dodging
 - Level 1.0 Stealth
 - Level 2.7 Spellcasting
 + Level 3.1 Transmutations
 + Level 8.3 Invocations
 - Level 5.0 Evocations


You had 12 spell levels left.
You knew the following spells:

 Your Spells              Type           Power      Damage    Failure   Level
w - Wereblood             Tmut           10%        N/A       19%         2

Your spell library contained the following spells:

 Spells                   Type           Power      Damage    Failure   Level
 Magic Dart               Conj           4%         1d3       38%         1
 Call Imp                 Summ           1%         N/A       54%         2
 Sublimation of Blood     Necr           1%         N/A       54%         2
 Mephitic Cloud           Conj/Pois/Air  1%         N/A       77%         3
 Summon Guardian Golem    Hex/Summ       1%         N/A       77%         3
 Orb of Destruction       Conj           0%         9d5       100%        7
 Spellforged Servitor     Conj/Summ      0%         N/A       100%        7
 Summon Hydra             Summ           0%         N/A       100%        7


Dungeon Overview and Level Annotations

Branches:
Dungeon (9/15)             Temple (1/1) D:4            Lair (0/6) D:9
    Orc: D:9-12

Altars:
Ashenzari
Cheibriados
Dithmenos
Fedhas
Hepliaklqana
Makhleb
Nemelex Xobeh
Ru
Trog
Uskayaw
Vehumet
Xom
Yredelemnul
The Shining One

Annotations:
D:8 Amaemon


Innate Abilities, Weirdness & Mutations

You passively map the area around you.
You are easily found by Zot.
You glow in the dark.
You regain HP and MP as you explore.


Message History

Something hits you but does no damage. The orc hits you with a +0 flail.
* * * LOW HITPOINT WARNING * * *
The kobold brigand hits you with a +0 dagger.
* * * LOW HITPOINT WARNING * * *
Okay, then.
Okay, then.
It was a potion of heal wounds.
You feel much better.
You feel very sick.
A kobold comes into view. It is wielding a +0 whip.
The orc closely misses you.
You hear some strange, mumbled words.
A magic dart appears from out of thin air!
The magic dart hits you.
The kobold brigand hits you but does no damage.
Okay, then.
Okay, then.
Unknown command.
The orc attacks as you move away! The orc hits you with a +0 flail.
Something hits you but does no damage.
A kobold comes into view. It is wielding a +0 whip.
You feel very sick.
The kobold shouts!
The kobold brigand throws a curare-tipped dart.
The curare-tipped dart hits you.
You are more poisoned.
You have difficulty breathing.
You feel as though you will be slow longer.
The orc hits you with a +0 flail.
The kobold brigand throws a curare-tipped dart.
The curare-tipped dart hits you.
You are lethally poisoned!
You have difficulty breathing.
* * * LOW HITPOINT WARNING * * *
You feel as though you will be slow longer.
Okay, then.
* * * LOW HITPOINT WARNING * * *
You feel extremely sick. The kobold brigand barely misses you.
Unknown command.
Are you sure you want to abandon this character and quit the game? (Confirm with "yes".)

##........##.....#.###
#.......###.....)...## ##
##......# #......))..##
.######....#.###...........#*
..##......##.....#..###.....#*
...........#.K...)...# .......
)........g...###.###.##......#
.............KKKo..........###
.).####{._..####@..PPP......#
*
.†.y.........................
....####.###...######.....
......, ..*#..#** * .....
....... .. #... ,,,, #. *
.....### ..., , ...... *,#.. ,
,, , ,..# , , *** * , , * , ,
* , * ,, ,


You could see a kobold brigand, a gnoll sergeant, an orc and 2 kobolds.

Vanquished Creatures
  Pikel (D:5)
  A hornet (D:8)
  3 water moccasins
  A sky beast (D:6)
  An orc warrior (D:8)
  4 black bears
  An ice beast (D:6)
  4 ogres
  2 wolves
  2 centaurs
  A phantom (D:5)
  2 lemures
  A kobold brigand (D:8)
  2 bullfrogs
  4 scorpions
  A necrophage (D:6)
  6 killer bees
  3 gnoll shamans
  2 jellies
  6 orc priests
  2 hounds
  An iguana (D:7)
  6 orc wizards
  20 gnolls
  6 adders
  An ufetubus (D:5)
  A worm (D:5)
  2 dart slugs
  20 orcs
  3 bats
  3 endoplasms
  2 giant cockroaches (D:1)
  8 hobgoblins
  2 jackals (D:2)
  5 quokkas
  5 ball pythons (D:1)
  3 frilled lizards
  3 goblins
  17 kobolds
  5 rats
163 creatures vanquished.

Vanquished Creatures (others)
  3 fungi (D:9)
  15 plants (D:9)
18 creatures vanquished.

Grand Total: 181 creatures vanquished

Notes
Turn   | Place    | Note
-------+----------+-------------------------------------------
     0 | D:1      | Charly the Meteoran Wanderer began the quest for the Orb.
     0 | D:1      | Charly set off with the following items: a +2 spear, a +0
                  | hunting sling, a wand of flame (6), a potion of berserk
                  | rage, a +0 robe
     0 | D:1      | Reached XP level 1. HP: 14/14 MP: 2/2
    53 | D:1      | Reached skill level 1 in Fighting
    58 | D:1      | Reached XP level 2. HP: 16/23 MP: 3/3
   215 | D:1      | Reached skill level 2 in Fighting
   330 | D:2      | Reached XP level 3. HP: 30/30 MP: 4/4
   364 | D:2      | Reached skill level 1 in Spellcasting
   456 | D:2      | Reached XP level 4. HP: 30/37 MP: 5/7
   495 | D:1      | Found a faded altar of an unknown god.
   540 | D:2      | Reached skill level 3 in Fighting
   739 | D:3      | 3d9
   789 | D:4      | Found a staircase to the Ecumenical Temple.
   844 | D:4      | Reached XP level 5. HP: 46/46 MP: 9/9
   869 | D:4      | Reached skill level 4 in Fighting
   945 | D:4      | Reached XP level 6. HP: 41/53 MP: 10/10
   984 | Temple   | Entered the Ecumenical Temple
  1053 | Temple   | Became a worshipper of Makhleb the Destroyer
  1187 | D:5      | Entered Level 5 of the Dungeon
  1191 | D:5      | Reached skill level 5 in Fighting
  1192 | D:5      | Noticed an ogre
  1272 | D:4      | Reached XP level 7. HP: 55/62 MP: 11/11
  1423 | D:4      | Reached skill level 6 in Fighting
  1508 | D:4      | 3d10
  1513 | D:5      | Noticed Pikel
  1621 | D:5      | Killed Pikel
  1622 | D:5      | Reached skill level 8 in Fighting
  1622 | D:5      | Reached XP level 8. HP: 58/74 MP: 13/13
  1664 | D:5      | Reached skill level 5 in Evocations
  1719 | D:5      | Reached * piety under Makhleb
  1760 | D:5      | Reached skill level 9 in Fighting
  1760 | D:5      | Gained mutation: You passively map the area around you.
                  | [Meteoran growth]
  1760 | D:5      | Reached XP level 9. HP: 81/84 MP: 12/14
  1825 | D:6      | Reached skill level 10 in Fighting
  1924 | D:6      | Reached skill level 1 in Invocations
  1996 | D:6      | Reached skill level 11 in Fighting
  2057 | D:6      | Learned a level 2 spell: Wereblood
  2132 | D:7      | Found a glowing golden altar of the Shining One.
  2250 | D:8      | Found a sparkling altar of Nemelex Xobeh.
  2258 | D:8      | Identified the +3 ring mail "Buniupel" {rElec}
  2360 | D:8      | Reached ** piety under Makhleb
  2375 | D:8      | Reached skill level 5 in Invocations
  2375 | D:8      | Reached XP level 10. HP: 66/96 MP: 10/15
  2414 | D:8      | Reached skill level 1 in Transmutations
  2493 | D:8      | HP: 4/97 [poisoned by a killer bee]
  2595 | D:8      | Found a snail-covered altar of Cheibriados.
  2636 | D:8      | Noticed Amaemon
  2636 | D:8      | Noticed an orange demon
  2651 | D:8      | Identified the +1 robe "Museqapa" {Will+ Dex+4}
  2821 | D:9      | Reached skill level 12 in Fighting
  2916 | D:8      | Identified the +2 dagger "Xuny" {venom, rF++}
  2934 | D:8      | Found a hazy altar of Hepliaklqana.
  3167 | D:9      | Found a staircase to the Lair.
  3176 | D:9      | Found a broken altar of Ashenzari.
  3236 | D:9      | Quit the game

Illustrated notes * .. , *#####.###.# #. *#.........# #.* #.###.##### #. #.# #.# * ######. ##.###.# ....>..####.(.##.# * , ,,...>..........##.# ######.###...##.# * #.@.(......# ############ , * * Turn 739 on D:3: 3d9

#.####.#
*..*
#.########
#.#
#......#
*#.# #.#
#.#
#.######
#.# #.#
#)#### #.#
* .. #.#
#.#... ###
* ,,
#.*#.#
#.#... # *
,#.##.#
#)#.[. # *
, #..#.#
#.#[..
*#.#.#
#.)... *,
, #.@.#
#.#...
##..#
#.#...
#..#
#.#)..
##.#
#.#... ,
.># #..###
*+* *#.#
#..### #.#
##.... *
.# #.#.#
#.#.#


Turn 1508 on D:4: 3d10

Levels and vault maps discovered:
D:1:      wander_arrival_chamber, layout_basic,
          shapermc_ecumenical_altar_mp_vishouse, fountainhead,
          hangedman_glass_teeth, minmay_strange_pillars
D:2:      minmay_inner_zag, layout_rooms, hangedman_abyss_or_decor_stabs
D:3:      layout_loops_ring, minmay_misc_feat_room
D:4:      layout_basic, minmay_temple_entry_trees
D:5:      layout_cave_pools, mainiacjoe_overflow_alcove_2, kennysheep_mini_moat,
          minmay_misc_feat_rugged, uniq_pikel
D:6:      layout_rooms, elyvilon_altar_3
D:7:      layout_loops_ring, kennysheep_mini
D:8:      layout_loops_ring, mainiacjoe_overflow_concentric_impassable,
          worldfamousw_hep_ancestral_shrine, cheibriados_altar_1, uniq_amaemon
D:9:      minmay_chambers_of_sevens, layout_cave_pools, lemuel_doored_altar,
          mainiacjoe_overflow_boulevard, minmay_lair_entry_grove,
          minmay_orc_entry_guard_dogs
Temple:   nicolae_temple_figure_zero

Skill      XL: |  1  2  3  4  5  6  7  8  9 10 |
---------------+-------------------------------+-----
Fighting       | 1 2 3 4 5 8 9 11 12 | 12.7
Spellcasting   | 1 2 |  2.7
Polearms       | 4 |  4.0
Evocations     | 3 4 5 |  5.0
Invocations    | 5 8 |  8.3
Transmutations | 3 |  3.1
Slings         | |  2.1
Throwing       | |  1.2
Armour         | |  1.2
Dodging        | |  0.4
Stealth        | |  1.0

Action                   |  1- 3 |  4- 6 |  7- 9 | 10-12 || total
-------------------------+-------+-------+-------+-------++-------
Melee: Spear             |    45 |   118 |   310 |   200 ||   673
       Punch             |       |     1 |     5 |     5 ||    11
 Fire: Hunting sling     |    33 |    14 |       |       ||    47
Throw: Dart              |       |     3 |    24 |     6 ||    33
 Cast: Wereblood         |       |       |     1 |     8 ||     9
Invok: Minor Destruction |       |       |       |    10 ||    10
Evoke: Wand              |       |     7 |     5 |     5 ||    17
  Use: Scroll            |       |     3 |     2 |     5 ||    10
       Potion            |       |       |       |     6 ||     6
Armor: Ring mail         |     9 |    39 |    93 |   136 ||   277
Dodge: Dodged            |    17 |    33 |    96 |   128 ||   274

Table legend: (Time is in decaauts)
 A = Elapsed time spent in this place.
 B = Non-inter-level travel time spent in this place.
 C = Inter-level travel time spent in this place.
 D = Time resting spent in this place.
 E = Time spent auto-exploring this place.
 F = Levels seen in this place.
 G = Mean time per level.
                   A        B        C        D        E       F      G
               +--------+--------+--------+--------+--------+-----+--------+
         Total |   3199 |   3167 |     32 |      1 |      0 |  10 |  319.9 |
       Dungeon |   3116 |   3084 |     32 |      1 |      0 |   9 |  346.2 |
        Temple |     82 |     82 |      0 |      0 |      0 |   1 |   82.0 |
               +--------+--------+--------+--------+--------+-----+--------+

Top non-repeatable levels by time:
     D:8: 721 daAuts
     D:4: 667 daAuts
     D:1: 354 daAuts
     D:2: 271 daAuts
     D:5: 261 daAuts
     D:6: 256 daAuts
     D:7: 210 daAuts
     D:9: 205 daAuts
     D:3: 168 daAuts
  Temple: 82 daAuts
